NYP
STATEN ISLAND YANKEES @ ABERDEEN IRONBIRDS
04/04/2048
 
TOP OF THE 1ST
Staten Island Yankees batting - Pitching for Aberdeen Ironbirds : LHP Ryan Watkins
Pitching: LHP Ryan Watkins
Batting: RHB Ben Jennings 0-0: Ball
1-0: Called Strike
1-1: Ball
2-1: Called Strike
2-2: Ball
3-2: Base on Balls
Batting: LHB Dario Segura 0-0: Foul Ball, location: 2F
0-1: Ball
1-1: Called Strike
1-2: Ball
2-2: Fly out, F8 (Flyball, 8LS, EV 80.0 MPH)
Batting: RHB Pat Pemberton 0-0: Ball
1-0: Ball
Ben Jennings steals 2nd base
2-0: Ball
3-0: Called Strike
3-1: Base on Balls
Batting: SHB Tadaaki Kondo 0-0: Ball
1-0: Ball
2-0: Called Strike
2-1: Ball
3-1: Base on Balls
Ben Jennings to third
Pat Pemberton to second
Batting: LHB Mike Schermerhorn 0-0: Swinging Strike
0-1: Ball
1-1: Ball
2-1: Swinging Strike
2-2: Ball
3-2: Foul Ball, location: 2F
3-2: Strikes out swinging
Batting: SHB Adam Slade 0-0: Called Strike
0-1: Foul Ball, location: 2F
0-2: Ball
1-2: Foul Ball, location: 2F
1-2: Foul Ball, location: 2F
1-2: DOUBLE (Groundball, 5L, EV 108.1 MPH)
Ben Jennings scores
Pat Pemberton scores
Tadaaki Kondo to third
Runner from 3rd tries for Home, SAFE, throw by LF to home
Batting: RHB Jesus Ruiz 0-0: Ball
1-0: Foul Ball, location: 2F
1-1: Ball
Wild Pitch!
Adam Slade to third
2-1: SINGLE (Groundball, 56D, EV 103.1 MPH)
Adam Slade scores
Batting: RHB Norimoto Miyanishi 0-0: Ball
1-0: Ball
2-0: Swinging Strike
2-1: Foul Ball, location: 2F
2-2: Fly out, F9 (Flyball, 9, EV 80.6 MPH)
Top of the 1st over - 4 runs, 2 hits, 0 errors, 1 left on base; Staten Island 4 - Aberdeen 0
BOTTOM OF THE 1ST
Aberdeen Ironbirds batting - Pitching for Staten Island Yankees : RHP Gary Salazar
Pitching: RHP Gary Salazar
Batting: RHB Kevin Popowicz 0-0: Ball
1-0: Foul Ball, location: 2F
1-1: Foul Ball, location: 2F
1-2: Ground out 6-3 (Groundball, 6M, EV 98.8 MPH)
Batting: RHB Maup Gommers 0-0: Ball
1-0: Ball
2-0: Foul Ball, location: 2F
2-1: Fly out, F2 (Popup, 2LF, EV 96.9 MPH)
Batting: LHB Sam Williams 0-0: Ball
1-0: Fly out, F4 (Line Drive, 34, EV 71.2 MPH)
Bottom of the 1st over - 0 runs, 0 hits, 0 errors, 0 left on base; Staten Island 4 - Aberdeen 0
TOP OF THE 2ND
Staten Island Yankees batting - Pitching for Aberdeen Ironbirds : LHP Ryan Watkins
Batting: LHB Danny de Leon 0-0: Ball
1-0: Ball
2-0: Swinging Strike
2-1: Ball
3-1: Called Strike
3-2: Foul Ball, location: 2F
3-2: Strikes out looking
Batting: RHB Ben Jennings 0-0: Hit by Pitch
Pinch Runner at 1st Josh Zoglmann:
Batting: LHB Dario Segura 0-0: Ball
1-0: Ball
2-0: Ball
3-0: Called Strike
3-1: Foul Ball, location: 2F
3-2: Base on Balls
Josh Zoglmann to second
Batting: RHB Pat Pemberton 0-0: Ball
1-0: Foul Ball, location: 2F
1-1: Foul Ball, location: 2F
1-2: Strikes out swinging
Batting: SHB Tadaaki Kondo 0-0: Called Strike
0-1: Foul Ball, location: 2F
0-2: SINGLE (Groundball, 4MS, EV 65.6 MPH) (infield hit)
Josh Zoglmann to third
Dario Segura to second
Batting: LHB Mike Schermerhorn 0-0: Called Strike
0-1: Ball
1-1: Swinging Strike
1-2: Ball
2-2: Foul Ball, location: 2F
2-2: Ball
3-2: Strikes out swinging
Top of the 2nd over - 0 runs, 1 hit, 0 errors, 3 left on base; Staten Island 4 - Aberdeen 0
BOTTOM OF THE 2ND
Aberdeen Ironbirds batting - Pitching for Staten Island Yankees : RHP Gary Salazar
Now at 2B: Josh Zoglmann
Batting: RHB Jonathan Mendoza 0-0: Ball
1-0: DOUBLE (Flyball, 8RXD, EV 109.4 MPH)
Batting: LHB Vinny Rivera 0-0: Ground out 3-1 (Groundball, 34, EV 87.5 MPH)
Jonathan Mendoza to third
Batting: SHB Carlos Carrillo 0-0: Ball
1-0: Fly out, F5 (Popup, 5S, EV 81.9 MPH)
Batting: LHB Pat Fontana 0-0: Ball
Wild Pitch!
Jonathan Mendoza scores
1-0: Called Strike
1-1: SINGLE (Line Drive, 34, EV 95.0 MPH)
Batting: RHB Carlos Teniente 0-0: Ball
Pat Fontana steals 2nd base
1-0: Ground out 1-3 (Groundball, 13S, EV 63.1 MPH)
Bottom of the 2nd over - 1 run, 2 hits, 0 errors, 1 left on base; Staten Island 4 - Aberdeen 1
TOP OF THE 3RD
Staten Island Yankees batting - Pitching for Aberdeen Ironbirds : LHP Ryan Watkins
Batting: SHB Adam Slade 0-0: Swinging Strike
0-1: Swinging Strike
0-2: Ball
1-2: Strikes out looking
Batting: RHB Jesus Ruiz 0-0: Called Strike
0-1: Foul Ball, location: 2F
0-2: Fly out, F9 (Line Drive, 9S, EV 95.6 MPH)
Batting: RHB Norimoto Miyanishi 0-0: Called Strike
0-1: SINGLE (Line Drive, 7LS, EV 108.8 MPH)
Batting: LHB Danny de Leon 0-0: Ball
1-0: Ball
2-0: Ball
3-0: Base on Balls
Norimoto Miyanishi to second
Batting: RHB Josh Zoglmann 0-0: Ball
1-0: SINGLE (Groundball, 6MD, EV 95.6 MPH)
Norimoto Miyanishi to third
Danny de Leon to second
Runner from 3rd tries for Home, SAFE, throw by CF to home
Pitching: RHP Jason Turley
Batting: LHB Dario Segura 0-0: Called Strike
0-1: Ball
1-1: Called Strike
1-2: Foul Ball, location: 2F
1-2: Ball
2-2: Ball
3-2: Strikes out looking
Top of the 3rd over - 1 run, 2 hits, 0 errors, 2 left on base; Staten Island 5 - Aberdeen 1
BOTTOM OF THE 3RD
Aberdeen Ironbirds batting - Pitching for Staten Island Yankees : RHP Gary Salazar
Batting: RHB Matt Berrier 0-0: Ball
1-0: Called Strike
1-1: Ball
2-1: Ball
3-1: Ground out 5-3 (Groundball, 56S, EV 60.0 MPH)
Batting: RHB Kevin Popowicz 0-0: Ball
1-0: SINGLE (Groundball, 56D, EV 99.4 MPH)
Batting: RHB Maup Gommers 0-0: Called Strike
0-1: Ball
1-1: Swinging Strike
1-2: Fielders Choice at 2nd, 1-4 (Groundball, P, EV 73.8 MPH)
Batting: LHB Sam Williams 0-0: Foul Ball, location: 2F
0-1: Foul Ball, location: 2F
0-2: Ball
1-2: Hit by Pitch
Maup Gommers to second
Batting: RHB Jonathan Mendoza 0-0: Ball
1-0: SINGLE (Groundball, 56D, EV 108.8 MPH)
Maup Gommers to third
Sam Williams to second
Runner from 3rd tries for Home, throw by LF and OUT! 7-2
Bottom of the 3rd over - 0 runs, 2 hits, 0 errors, 2 left on base; Staten Island 5 - Aberdeen 1
TOP OF THE 4TH
Staten Island Yankees batting - Pitching for Aberdeen Ironbirds : RHP Jason Turley
Batting: RHB Pat Pemberton 0-0: SINGLE (Groundball, 34D, EV 105.0 MPH)
Batting: SHB Tadaaki Kondo 0-0: Called Strike
0-1: Fielders Choice at 2nd, 4-6 (Groundball, 34D, EV 81.2 MPH)
Batting: LHB Mike Schermerhorn 0-0: Called Strike
0-1: Called Strike
0-2: Ball
1-2: Strikes out swinging
Batting: SHB Adam Slade 0-0: Swinging Strike
0-1: Foul Ball, location: 2F
0-2: Strikes out swinging
Top of the 4th over - 0 runs, 1 hit, 0 errors, 1 left on base; Staten Island 5 - Aberdeen 1
BOTTOM OF THE 4TH
Aberdeen Ironbirds batting - Pitching for Staten Island Yankees : RHP Gary Salazar
Batting: LHB Vinny Rivera 0-0: Called Strike
0-1: Ball
1-1: Ball
2-1: Foul Ball, location: 2F
2-2: Ball
3-2: Base on Balls
Batting: SHB Carlos Carrillo 0-0: Called Strike
0-1: Ball
Vinny Rivera steals 2nd base
1-1: Ball
2-1: Fly out, F8 (Flyball, 8RD, EV 104.4 MPH)
Batting: LHB Pat Fontana 0-0: Ball
1-0: Foul Ball, location: 2F
1-1: Ball
2-1: Ball
3-1: Fly out, F9 (Flyball, 9, EV 70.0 MPH)
Batting: RHB Carlos Teniente 0-0: Ball
1-0: Swinging Strike
1-1: Called Strike
1-2: Ball
2-2: Ball
3-2: Base on Balls
Batting: RHB Matt Berrier 0-0: Called Strike
0-1: Foul Ball, location: 2F
0-2: Strikes out looking
Bottom of the 4th over - 0 runs, 0 hits, 0 errors, 2 left on base; Staten Island 5 - Aberdeen 1
TOP OF THE 5TH
Staten Island Yankees batting - Pitching for Aberdeen Ironbirds : RHP Jason Turley
Batting: RHB Jesus Ruiz 0-0: Swinging Strike
0-1: Swinging Strike
0-2: Ball
1-2: Ball
2-2: Strikes out swinging
Batting: RHB Norimoto Miyanishi 0-0: Called Strike
0-1: Swinging Strike
0-2: Strikes out swinging
Batting: LHB Danny de Leon 0-0: Called Strike
0-1: Ball
1-1: Swinging Strike
1-2: Foul Ball, location: 2F
1-2: Ball
2-2: Foul Ball, location: 2F
2-2: Strikes out swinging
Top of the 5th over - 0 runs, 0 hits, 0 errors, 0 left on base; Staten Island 5 - Aberdeen 1
BOTTOM OF THE 5TH
Aberdeen Ironbirds batting - Pitching for Staten Island Yankees : RHP Gary Salazar
DELAY Rain delay of 54 minutes in the 5th inning.
Pitching: RHP Whitney Batten
Batting: RHB Kevin Popowicz 0-0: Ball
1-0: Called Strike
1-1: Called Strike
1-2: Ball
2-2: Foul Ball, location: 2F
2-2: Foul Ball, location: 2F
2-2: Ball
3-2: Foul Ball, location: 2F
3-2: Strikes out looking
Batting: RHB Maup Gommers 0-0: Called Strike
0-1: Ball
1-1: Ball
2-1: Ball
3-1: Ground out 4-3 (Groundball, 4, EV 90.0 MPH)
Batting: LHB Sam Williams 0-0: Called Strike
0-1: Ball
1-1: Ball
2-1: Ground out 4-3 (Groundball, 4, EV 83.1 MPH)
Bottom of the 5th over - 0 runs, 0 hits, 0 errors, 0 left on base; Staten Island 5 - Aberdeen 1
TOP OF THE 6TH
Staten Island Yankees batting - Pitching for Aberdeen Ironbirds : RHP Jason Turley
Batting: RHB Josh Zoglmann 0-0: Ball
1-0: Foul Ball, location: 2F
1-1: Ground out 4-3 (Groundball, 4D, EV 99.4 MPH)
Batting: LHB Dario Segura 0-0: Called Strike
0-1: Ball
1-1: Ball
2-1: Foul Ball, location: 2F
2-2: Foul Ball, location: 2F
2-2: Ball
3-2: Strikes out swinging
Pitching: RHP Dou-guan Ti
Batting: RHB Pat Pemberton 0-0: Ball
1-0: Ball
2-0: Ground out U3 (Groundball, 3, EV 83.1 MPH)
Top of the 6th over - 0 runs, 0 hits, 0 errors, 0 left on base; Staten Island 5 - Aberdeen 1
BOTTOM OF THE 6TH
Aberdeen Ironbirds batting - Pitching for Staten Island Yankees : RHP Whitney Batten
Batting: RHB Jonathan Mendoza 0-0: Ball
1-0: Swinging Strike
1-1: Foul Ball, location: 2F
1-2: Strikes out swinging
Batting: LHB Vinny Rivera 0-0: Called Strike
0-1: Ball
1-1: Ball
2-1: Ball
3-1: Foul Ball, location: 2F
3-2: Base on Balls
Batting: SHB Carlos Carrillo 0-0: Ball
Vinny Rivera steals 2nd base (no throw)
1-0: Ball
Vinny Rivera steals 3rd base
2-0: Called Strike
2-1: Swinging Strike
2-2: Fly out, F7 (Flyball, 7, EV 91.2 MPH)
Runner from 3rd tags up, OUT at HOME! 7-2
Bottom of the 6th over - 0 runs, 0 hits, 0 errors, 0 left on base; Staten Island 5 - Aberdeen 1
TOP OF THE 7TH
Staten Island Yankees batting - Pitching for Aberdeen Ironbirds : RHP Dou-guan Ti
Batting: SHB Tadaaki Kondo 0-0: Foul Ball, location: 2F
0-1: Fly out, F6 (Line Drive, 4, EV 71.9 MPH)
Batting: LHB Mike Schermerhorn 0-0: Ground out U3 (Groundball, 3L, EV 96.2 MPH)
Batting: SHB Adam Slade 0-0: Ball
1-0: Swinging Strike
1-1: Ball
2-1: Swinging Strike
2-2: Hit by Pitch
Batting: RHB Jesus Ruiz 0-0: Ball
1-0: Ground out 4-3 (Groundball, 4S, EV 81.9 MPH)
Top of the 7th over - 0 runs, 0 hits, 0 errors, 1 left on base; Staten Island 5 - Aberdeen 1
BOTTOM OF THE 7TH
Aberdeen Ironbirds batting - Pitching for Staten Island Yankees : RHP Whitney Batten
Pitching: RHP Johnny Marquez
Batting: LHB Pat Fontana 0-0: Ball
1-0: Ball
2-0: Ground out 4-3 (Groundball, 34, EV 91.2 MPH)
Batting: RHB Carlos Teniente 0-0: Called Strike
0-1: Ball
1-1: Ball
2-1: Swinging Strike
2-2: Foul Ball, location: 2F
2-2: Ball
3-2: Strikes out swinging
Batting: RHB Matt Berrier 0-0: Called Strike
0-1: Called Strike
0-2: Reached on error, E6 (Groundball, 6, EV 81.2 MPH)
Batting: RHB Kevin Popowicz 0-0: Ball
1-0: Ball
2-0: Foul Ball, location: 2F
2-1: Ball
3-1: Base on Balls
Matt Berrier to second
Batting: RHB Maup Gommers 0-0: Ball
1-0: Fielders Choice at 2nd, 6-4 (Groundball, 6, EV 86.2 MPH)
Bottom of the 7th over - 0 runs, 0 hits, 1 error, 2 left on base; Staten Island 5 - Aberdeen 1
TOP OF THE 8TH
Staten Island Yankees batting - Pitching for Aberdeen Ironbirds : RHP Dou-guan Ti
Batting: RHB Norimoto Miyanishi 0-0: Ball
1-0: Ball
2-0: Called Strike
2-1: Swinging Strike
2-2: Ball
3-2: Foul Ball, location: 2F
3-2: Ground out 6-3 (Groundball, 6, EV 90.0 MPH)
Batting: LHB Danny de Leon 0-0: Ball
1-0: Ball
2-0: Called Strike
2-1: Ground out 1-3 (Groundball, 34S, EV 71.9 MPH)
Batting: RHB Josh Zoglmann 0-0: Foul Ball, location: 2F
0-1: Ball
1-1: Fly out, F9 (Flyball, 9, EV 90.6 MPH)
Top of the 8th over - 0 runs, 0 hits, 0 errors, 0 left on base; Staten Island 5 - Aberdeen 1
BOTTOM OF THE 8TH
Aberdeen Ironbirds batting - Pitching for Staten Island Yankees : RHP Johnny Marquez
Batting: LHB Sam Williams 0-0: Ball
1-0: Called Strike
1-1: Foul Ball, location: 2F
1-2: Fly out, F8 (Flyball, 89M, EV 94.4 MPH)
Pitching: LHP Jay Turpin
Batting: RHB Jonathan Mendoza 0-0: Ball
1-0: Foul Ball, location: 2F
1-1: Called Strike
1-2: Foul Ball, location: 2F
1-2: Ball
2-2: Strikes out looking
Batting: LHB Vinny Rivera 0-0: Ball
1-0: Called Strike
1-1: Ground out 4-3 (Groundball, 4, EV 83.1 MPH)
Bottom of the 8th over - 0 runs, 0 hits, 0 errors, 0 left on base; Staten Island 5 - Aberdeen 1
TOP OF THE 9TH
Staten Island Yankees batting - Pitching for Aberdeen Ironbirds : RHP Dou-guan Ti
Batting: LHB Dario Segura 0-0: Called Strike
0-1: Swinging Strike
0-2: Foul Ball, location: 2F
0-2: Strikes out swinging
Batting: RHB Pat Pemberton 0-0: Called Strike
0-1: Fly out, F9 (Flyball, 9, EV 86.9 MPH)
Batting: SHB Tadaaki Kondo 0-0: Foul Ball, location: 2F
0-1: Called Strike
0-2: Ball
1-2: Foul Ball, location: 2F
1-2: DOUBLE (Line Drive, 9LD, EV 111.2 MPH)
Batting: LHB Mike Schermerhorn 0-0: Intentional Walk
Batting: SHB Adam Slade 0-0: Ball
1-0: Swinging Strike
1-1: Swinging Strike
1-2: Ball
Passed Ball!
Tadaaki Kondo to third
Mike Schermerhorn to second
2-2: Strikes out swinging
Top of the 9th over - 0 runs, 1 hit, 0 errors, 2 left on base; Staten Island 5 - Aberdeen 1
BOTTOM OF THE 9TH
Aberdeen Ironbirds batting - Pitching for Staten Island Yankees : LHP Jay Turpin
Batting: SHB Carlos Carrillo 0-0: Called Strike
0-1: Ball
1-1: Ball
2-1: Called Strike
2-2: Ball
3-2: Base on Balls
Batting: LHB Pat Fontana 0-0: SINGLE (Groundball, 6D, EV 110.0 MPH)
Carlos Carrillo to second
Batting: RHB Carlos Teniente 0-0: Ball
Wild Pitch!
Carlos Carrillo to third
Pat Fontana to second
1-0: Ball
2-0: Ball
3-0: Called Strike
3-1: Base on Balls
Pitching: RHP Nate LaCava
Pinch Hitting: SHB Chris Wright 0-0: Ball
1-0: Ball
2-0: Ball
3-0: Base on Balls
Carlos Carrillo scores
Pat Fontana to third
Carlos Teniente to second
Batting: RHB Kevin Popowicz 0-0: SINGLE (Line Drive, 8LS, EV 105.0 MPH)
Pat Fontana scores
Carlos Teniente to third
Chris Wright to second
Batting: RHB Maup Gommers 0-0: Ball
1-0: Ball
2-0: Called Strike
2-1: Swinging Strike
2-2: Fly out, F7 (Line Drive, 7, EV 88.1 MPH)
Batting: LHB Sam Williams 0-0: Hit by Pitch
Carlos Teniente scores
Chris Wright to third
Kevin Popowicz to second
Batting: RHB Jonathan Mendoza 0-0: Ball
1-0: Ball
2-0: Ball
3-0: Called Strike
3-1: Base on Balls
Chris Wright scores
Kevin Popowicz to third
Sam Williams to second
Batting: LHB Vinny Rivera 0-0: Ball
1-0: Ball
2-0: Called Strike
2-1: Foul Ball, location: 2F
2-2: Foul Ball, location: 2F
2-2: Foul Ball, location: 2F
2-2: Foul Ball, location: 2F
2-2: Ball
3-2: TRIPLE (Flyball, 3D, EV 86.9 MPH)
Kevin Popowicz scores
Bottom of the 9th over - 5 runs, 3 hits, 0 errors, 3 left on base; Staten Island 5 - Aberdeen 6
Tuesday, March 28th , 2023 - OOTP Baseball 23.10 Build 110